 Dungeon Crawl Stone Soup version 0.27.1-34-g3ba077fa99 (webtiles) character file.

Game seed: 10328724945670908128

119 alasdair19 the Shield-Bearer (level 4, -1/41 HPs)
             Began as a Minotaur Fighter on Jan 15, 2022.
             Slain by a sky beast (5 damage)
             ... on level 4 of the Dungeon.
             The game lasted 00:03:56 (2469 turns).

alasdair19 the Shield-Bearer (Minotaur Fighter)     Turns: 2469, Time: 00:03:58

Health: -1/41      AC:  8    Str: 20    XL:     4   Next: 73%
Magic:  3/3        EV:  7    Int:  6    God:
Gold:   156        SH:  9    Dex: 10    Spells: 3/3 levels left

rFire    . . .     SeeInvis .   e - +0 long sword
rCold    . . .     Faith    .   c - +0 kite shield
rNeg     . . .     Spirit   .   b - +0 scale mail
rPois    .         Reflect  .   (helmet restricted)
rElec    .         Harm     .   (no cloak)
rCorr    +         Rampage  .   l - +0 pair of gloves
Will     .....                  (no boots)
Stlth    ..........             (no amulet)
HPRegen  0.13/turn              a - ring of resist corrosion
MPRegen  0.08/turn              (no ring)

@: mighty
A: horns 2, retaliatory headbutt
a: no special abilities


You were on level 4 of the Dungeon.
You visited 1 branch of the dungeon, and saw 4 of its levels.

You collected 156 gold pieces.

Inventory:

Hand Weapons
 e - a +0 long sword (weapon)
 q - a +0 hunting sling
Missiles
 m - 101 stones (quivered)
Armour
 b - a +0 scale mail (worn)
 c - a +0 kite shield (worn)
 l - a +0 pair of gloves (worn)
Jewellery
 a - a ring of resist corrosion (left hand)
 n - a ring of willpower
Scrolls
 g - a scroll of teleportation {unknown}
 j - a scroll of noise {unknown}
 k - 3 scrolls of identify {unknown}
 o - 2 scrolls of magic mapping {unknown}
Potions
 f - a potion of curing {unknown}
 h - 2 potions of degeneration {unknown}
 i - a potion of attraction {unknown}
 p - a potion of mutation {unknown}
 r - a potion of lignification {unknown}


   Skills:
 + Level 4.3 Fighting
 + Level 3.8 Long Blades
 * Level 1.0 Slings
 + Level 4.5 Armour
 + Level 4.5 Shields


You had 3 spell levels left.
You didn't know any spells.
Your spell library contained the following spells:

 Spells                   Type           Power      Damage    Failure   Level
 Blink                    Tloc           N/A        N/A       100%        2
 Lesser Beckoning         Tloc           0%         N/A       100%        3
 Manifold Assault         Tloc           0%         N/A       100%        5


Dungeon Overview and Level Annotations

Branches:
Dungeon (4/15)
 Temple: D:4-7

Altars:
Dithmenos
Fedhas


Innate Abilities, Weirdness & Mutations

You have a pair of horns on your head.
You reflexively headbutt those who attack you in melee.


Message History

Something hits you but does no damage. x2
You closely miss something. Your headbutt misses something.
Something hits you but does no damage.
You closely miss something. Something hits you but does no damage.
You closely miss something. Something hits you but does no damage.
Something hits you. Something shocks you.
You miss something. Your headbutt misses something.
Something hits you but does no damage.
You barely miss something. Something hits you but does no damage.
Something hits you. Something shocks you.
You closely miss something. Something hits you but does no damage.
You completely miss something. You block something's attack.
You miss something. Something hits you but does no damage.
You block something's attack.
You closely miss something. Something hits you but does no damage.
You miss something. Your headbutt misses something. Something hits you.
Something shocks you.
* * * LOW HITPOINT WARNING * * *
Something hits you.
* * * LOW HITPOINT WARNING * * *
Something shocks you.
* * * LOW HITPOINT WARNING * * *
Okay, then.
You feel very mighty all of a sudden. Something hits you but does no damage.
You closely miss something. Something hits you but does no damage.
A sky beast appears from thin air!
Reactivating autopickup.
You slash the sky beast!
The sky beast is almost dead.
The sky beast hits you but does no damage.
You block the sky beast's attack.
You closely miss the sky beast.
The sky beast is almost dead.
The sky beast flickers out of sight!
Deactivating autopickup; reactivate with Ctrl-A.
Something hits you.
* * * LOW HITPOINT WARNING * * *
Something shocks you.
You die...

.............. #.. #.....#
#.###..# #### #.##..##
...# ##.....## ...#
#.......#.$ ...#
#........... ...#
#.{.......#.. ...#
####@........# ...#
#..'.........# ...#
#.##.........# ...#
#.##.........# ...#
#.##.........#
...##########.#######.....
................#########
.............._.'...#
##..............###.###


There were no monsters in sight!

Vanquished Creatures
  A hound (D:4)
  2 adders
  3 dart slugs
  5 ball pythons
  4 endoplasms
  6 giant cockroaches
  8 goblins
  5 hobgoblins
  6 jackals (D:1)
  6 kobolds
  2 quokkas
  5 bats
  A frilled lizard (D:3)
  7 rats
  A spectral kobold (D:1)
62 creatures vanquished.

Notes
Turn   | Place    | Note
-------+----------+-------------------------------------------
     0 | D:1      | alasdair19 the Minotaur Fighter began the quest for the
                  | Orb.
     0 | D:1      | Reached XP level 1. HP: 19/19 MP: 0/0
   177 | D:1      | Reached XP level 2. HP: 23/27 MP: 1/1
   584 | D:1      | Found a faded altar of an unknown god.
   633 | D:1      | Reached XP level 3. HP: 33/33 MP: 2/2
  1872 | D:3      | Reached XP level 4. HP: 40/40 MP: 3/3
  2329 | D:4      | Found a blossoming altar of Fedhas.
  2338 | D:4      | Reached skill level 1 in Slings
  2438 | D:4      | Found a shadowy altar of Dithmenos.
  2438 | D:4      | Noticed a sky beast
  2469 | D:4      | Slain by a sky beast

Illustrated notes

Levels and vault maps discovered:
D:1:      dpeg_arrival_subterranean_lakeside_camping, layout_basic,
          dreamdust_ecumenical_altar_drowned_temple
D:2:      layout_basic
D:3:      layout_basic, kennysheep_donut
D:4:      minmay_goblin_kobold_castle, layout_basic, overflow_temple_1_default,
          nicolae_dithmenos_shadow_blocks

Skill      XL: |  1  2  3  4 |
---------------+-------------+-----
Armour         | 4 |  4.5
Shields        | 4 |  4.5
Fighting       | 4 |  4.3
Long Blades    | 3 |  3.8
Slings         | 1 |  1.0

Action                   |  1- 3 |  4- 6 || total
-------------------------+-------+-------++-------
Melee: Long sword        |    93 |    49 ||   142
       Headbutt          |    13 |     7 ||    20
 Fire: Hunting sling     |     4 |     2 ||     6
  Use: Potion            |       |     1 ||     1
Armor: Scale mail        |    39 |    32 ||    71
Dodge: Dodged            |    26 |    11 ||    37
Block: Kite shield       |    45 |    18 ||    63
       Rpst.: Long sword |     5 |     2 ||     7
